details: 'Green's final game before quitting'

« prev index next »

General information

Mini Map

Players

team 1
Random» NickyV (orange | 41 APM | 5 actions | 00:07)

» actions
Enter build submenu1
Right click1
Select / deselect2
Use ability1
5 total
» buildings
Altar of Kings1
1 total
» build order
00:06 Altar of Kings
Random» NightElfEarl-Sweatshirt (teal | 38 APM | 1193 actions | 31:23)
Hero icon 2 Mountain King
Ability icon 1 Storm Bolt
Ability icon 1 Thunder Clap
Hero icon 2 Demon Hunter
Ability icon 1 Evasion
Ability icon 1 Mana Burn
Hero icon 4 Shadow Hunter
Ability icon 2 Serpent Ward
Ability icon 2 Healing Wave
Hero icon 2 Paladin
Ability icon 1 Devotion Aura
Ability icon 1 Divine Shield

» actions
Build / train159
Enter build submenu121
Enter hero's abilities submenu10
Remove unit from queue1
Right click367
Select / deselect423
Use ability112
1193 total
» units
Wisp47
Peasant18
Peon9
Troll Headhunter/Berserker9
Rifleman17
Demolisher5
Gryphon Rider5
110 total
» upgrades
Ranged Weapons3
Gunpowder3
Armor8
Ultravision1
Swords3
Long Rifles1
Spiked Barricades2
Troll Regeneration1
Berserker Upgrade1
Burning Oil1
Animal War Training1
Storm Hammers1
26 total
» buildings
Altar of Elders2
Farm27
Orc Burrow8
Altar of Storms1
Hunter's Hall1
Altar of Kings1
Moon Well11
Barracks6
War Mill1
Ancient Protector36
Blacksmith2
Ancient of Wonders1
Voodoo Lounge1
Keep2
Stronghold1
Watch Tower4
Castle2
Fortress1
Arcane Vault2
Lumber Mill1
Gryphon Aviary3
Beastiary1
115 total
» build order
00:08 Altar of Elders
00:43 Altar of Elders
00:54 Farm
00:59 Farm
01:08 Orc Burrow
01:11 Altar of Storms
01:14 Hunter's Hall
01:37 Altar of Kings
01:45 Farm
01:51 Moon Well
02:05 Orc Burrow
02:15 Farm
02:31 Farm
02:41 Moon Well
02:49 Moon Well
03:03 Barracks
03:08 Barracks
03:26 War Mill
03:32 Orc Burrow
03:49 Ancient Protector
03:59 Ancient Protector
04:14 Barracks
04:29 Orc Burrow
04:35 Farm
04:48 Blacksmith
04:58 Blacksmith
05:02 Barracks
05:11 Moon Well
05:16 Ancient Protector
05:19 Ancient Protector
05:22 Ancient Protector
05:29 Ancient of Wonders
05:39 Barracks
05:51 Voodoo Lounge
05:59 Keep
06:07 Moon Well
06:22 Ancient Protector
06:29 Ancient Protector
06:32 Ancient Protector
06:43 Farm
06:57 Farm
07:00 Barracks
07:06 Moon Well
07:17 Ancient Protector
07:40 Stronghold
07:42 Orc Burrow
07:45 Watch Tower
07:48 Keep
07:58 Farm
08:06 Moon Well
08:17 Ancient Protector
08:20 Ancient Protector
08:27 Ancient Protector
08:44 Farm
09:15 Ancient Protector
09:19 Ancient Protector
09:24 Ancient Protector
09:32 Castle
09:36 Farm
09:38 Farm
09:49 Orc Burrow
09:55 Watch Tower
09:58 Watch Tower
10:13 Castle
10:17 Farm
10:20 Farm
10:37 Ancient Protector
10:42 Ancient Protector
10:49 Farm
11:05 Fortress
11:29 Arcane Vault
11:42 Arcane Vault
12:27 Ancient Protector
12:28 Ancient Protector
12:33 Ancient Protector
12:40 Ancient Protector
12:46 Moon Well
13:03 Lumber Mill
13:05 Farm
13:09 Farm
13:53 Moon Well
14:02 Ancient Protector
14:08 Ancient Protector
14:19 Watch Tower
14:29 Gryphon Aviary
14:32 Gryphon Aviary
14:37 Farm
14:47 Farm
14:50 Farm
15:29 Moon Well
15:33 Moon Well
15:36 Ancient Protector
15:43 Ancient Protector
15:50 Ancient Protector
16:12 Gryphon Aviary
16:31 Ancient Protector
16:38 Ancient Protector
16:47 Farm
16:52 Orc Burrow
17:17 Ancient Protector
17:23 Ancient Protector
18:19 Farm
18:29 Farm
18:33 Farm
19:19 Ancient Protector
19:21 Ancient Protector
19:31 Ancient Protector
19:33 Ancient Protector
19:35 Ancient Protector
19:41 Ancient Protector
19:50 Farm
20:13 Beastiary
20:25 Farm
20:27 Farm
20:45 Orc Burrow
OrcDlEMUSLIMBlTCH (purple | 0 APM | 0 actions | 00:04)
HumanCapkebab (red | 0 APM | 0 actions | 00:04)
team 2
HumanJimmyHats (pink | 76 APM | 2386 actions | 31:24)
Hero icon 7 Blood Mage
Ability icon 3 Flame Strike
Ability icon 3 Banish
Ability icon 1 Summon Phoenix

» actions
Assign group hotkey59
Basic commands352
Build / train69
ESC pressed1
Enter build submenu29
Enter hero's abilities submenu7
Give item / drop item6
Right click742
Select / deselect313
Select group hotkey734
Use ability74
2386 total
» units
Peasant16
Footman6
Dragonhawk Rider3
Gryphon Rider6
31 total
» upgrades
Masonry3
Backpack1
Swords3
Armor3
Lumber Harvesting2
Animal War Training1
Storm Hammers1
Cloud1
Magic Sentry1
16 total
» buildings
Altar of Kings1
Farm10
Barracks2
Scout Tower3
Arcane Tower1
Arcane Vault1
Lumber Mill1
Town Hall3
Keep1
Guard Tower2
Blacksmith1
Castle1
Gryphon Aviary4
Arcane Sanctum1
32 total
» build order
00:05 Altar of Kings
00:12 Farm
00:20 Barracks
00:22 Barracks
01:06 Farm
02:02 Farm
02:41 Scout Tower
02:59 Farm
03:08 Arcane Tower
03:33 Arcane Vault
03:50 Farm
04:58 Lumber Mill
06:02 Town Hall
06:03 Town Hall
06:19 Keep
06:47 Farm
06:56 Scout Tower
07:46 Guard Tower
07:49 Blacksmith
08:55 Castle
09:13 Gryphon Aviary
09:14 Gryphon Aviary
10:42 Scout Tower
10:45 Farm
11:16 Guard Tower
11:39 Gryphon Aviary
11:43 Gryphon Aviary
12:57 Farm
12:58 Farm
14:45 Farm
19:54 Town Hall
21:57 Arcane Sanctum
» items
Scroll of Regeneration4
Staff of Teleportation2
Boots of Speed2
8 total
Humanhawking-sucks (blue | 36 APM | 1140 actions | 31:23)
Hero icon 5 Archmage
Ability icon 3 Blizzard
Ability icon 2 Brilliance Aura

» actions
Assign group hotkey16
Basic commands73
Build / train59
Enter build submenu19
Enter hero's abilities submenu5
Give item / drop item5
Remove unit from queue1
Right click306
Select / deselect153
Select group hotkey452
Use ability51
1140 total
» units
Peasant23
Gryphon Rider5
28 total
» upgrades
Lumber Harvesting1
Masonry3
Swords3
Armor3
Animal War Training1
11 total
» buildings
Altar of Kings1
Farm12
Scout Tower9
Keep2
Arcane Tower1
Barracks1
Blacksmith1
Lumber Mill1
Arcane Vault1
Town Hall3
Castle1
Gryphon Aviary3
36 total
» build order
00:34 Altar of Kings
00:37 Farm
01:38 Farm
01:56 Scout Tower
02:31 Keep
03:11 Arcane Tower
03:14 Barracks
03:18 Blacksmith
04:03 Lumber Mill
04:08 Farm
04:09 Farm
04:10 Farm
04:11 Farm
04:23 Arcane Vault
07:00 Town Hall
07:18 Castle
07:24 Gryphon Aviary
07:25 Gryphon Aviary
07:26 Gryphon Aviary
07:32 Farm
07:32 Farm
07:33 Farm
09:29 Farm
09:30 Farm
13:28 Town Hall
22:14 Town Hall
22:17 Scout Tower
22:17 Scout Tower
22:18 Scout Tower
22:18 Scout Tower
22:24 Scout Tower
22:24 Scout Tower
22:25 Scout Tower
22:26 Scout Tower
» items
Scroll of Regeneration2
Potion of Healing1
Staff of Teleportation1
Scroll of Town Portal1
Potion of Lesser Invulnerability1
Scroll of Healing2
8 total
Random» HumanAYY (yellow | 20 APM | 451 actions | 23:06)
Hero icon 3 Archmage
Ability icon 2 Summon Water Elemental
Ability icon 1 Brilliance Aura
Hero icon 1 Naga Sea Witch
Ability icon 1 Frost Arrows

» actions
Assign group hotkey33
Basic commands16
Build / train58
ESC pressed3
Enter build submenu30
Enter hero's abilities submenu4
Remove unit from queue1
Right click69
Select / deselect177
Select group hotkey27
Use ability33
451 total
» units
Peasant10
Flying Machine27
37 total
» upgrades
Lumber Harvesting1
Flak Cannons1
Flying Machine Bombs1
Magic Sentry1
Barrage1
Gunpowder2
Plating2
9 total
» buildings
Altar of Kings1
Farm10
Lumber Mill1
Keep1
Blacksmith1
Arcane Vault1
Workshop2
Castle1
Scout Tower2
Guard Tower2
Arcane Sanctum1
Town Hall2
25 total
» build order
00:04 Altar of Kings
00:05 Farm
02:46 Farm
03:00 Lumber Mill
03:17 Keep
03:25 Blacksmith
04:45 Farm
05:18 Arcane Vault
06:04 Farm
06:11 Workshop
06:16 Workshop
06:22 Castle
06:28 Farm
07:02 Scout Tower
07:51 Farm
07:54 Farm
07:56 Guard Tower
07:59 Scout Tower
08:04 Arcane Sanctum
08:33 Guard Tower
10:37 Town Hall
13:15 Farm
14:14 Farm
15:47 Farm
19:12 Town Hall
» items
Boots of Speed1
1 total
NightElfUNDEADORCKILLER (green | 20 APM | 620 actions | 31:23)
Hero icon 3 Priestess of the Moon
Ability icon 2 Trueshot Aura
Ability icon 1 Searing Arrows

» actions
Build / train67
Enter build submenu38
Enter hero's abilities submenu3
Remove unit from queue8
Right click198
Select / deselect258
Use ability48
620 total
» units
Wisp30
Archer6
Huntress4
Druid of the Claw10
Glaive Thrower2
Chimaera-2
50 total
» upgrades
Druid of the Claw Training2
Upgrade Moon Glaive0
Vorpal Blades1
3 total
» buildings
Moon Well10
Altar of Elders1
Ancient of War2
Tree of Life1
Hunter's Hall1
Ancient of Wonders1
Ancient Protector8
Tree of Ages1
Tree of Eternity1
Ancient of Lore2
Ancient of Wind1
Chimaera Roost2
31 total
» build order
00:19 Moon Well
01:02 Altar of Elders
02:12 Ancient of War
02:13 Ancient of War
02:19 Moon Well
02:31 Moon Well
04:55 Moon Well
05:44 Tree of Life
06:32 Moon Well
07:07 Moon Well
07:24 Hunter's Hall
07:41 Ancient of Wonders
08:27 Moon Well
08:32 Ancient Protector
08:34 Ancient Protector
08:36 Ancient Protector
08:40 Ancient Protector
08:52 Ancient Protector
10:25 Tree of Ages
10:33 Tree of Ages
12:24 Ancient Protector
12:25 Ancient Protector
12:30 Ancient Protector
12:46 Tree of Eternity
13:07 Ancient of Lore
14:38 Ancient of Lore
15:05 Moon Well
15:07 Moon Well
15:08 Moon Well
16:57 Ancient of Wind
19:03 Chimaera Roost
20:10 Chimaera Roost

Chat log

(00:08 / All) JimmyHats: Hawking radiation is sound. Black holes have a finite, non-zero temperature and entropy
(00:09 / All) Earl-Sweatshirt: really?
(00:09 / All) hawking-sucks: STAY
(00:12 / All) hawking-sucks: STAY
(00:13 / All) hawking-sucks: TEAL
(00:18 / All) Earl-Sweatshirt: ILL TAKE U ALL ON
(00:35 / All) Earl-Sweatshirt: YAY
(00:41 / All) JimmyHats: It's not over yet faggots
(00:41 / Allies) UNDEADORCKILLER: build there
(00:44 / Allies) UNDEADORCKILLER: make it quicker
(00:56 / Allies) JimmyHats: make what
(01:08 / Allies) AYY: he;s saying put barracks n stuff there
(01:15 / Allies) UNDEADORCKILLER: yes
(01:16 / Allies) JimmyHats: why, I'm not rushing
(01:22 / Allies) UNDEADORCKILLER: lol its 4v1
(01:23 / Allies) JimmyHats: if he is staying he is obviously a pro
(01:29 / Allies) AYY: LOL
(01:31 / Allies) UNDEADORCKILLER: ayy your lagging
(01:33 / All) Earl-Sweatshirt: yay yay
(01:35 / Allies) AYY: yeah I notices
(01:39 / Allies) AYY: *noticed
(01:49 / Allies) UNDEADORCKILLER: Clan OOC, after game fellows.
(01:52 / Allies) AYY: I'm just gonna tech to copters, fuck it
(01:54 / Allies) JimmyHats: your clan is shit
(01:55 / Allies) AYY: sure
(02:06 / Allies) JimmyHats: does it have 80% records if not gtfo
(02:18 / Allies) AYY: lol does anyone give a fuck about that stuff?
(02:25 / Allies) JimmyHats: I do
(02:28 / Allies) JimmyHats: and nice militia tp
(02:31 / Allies) JimmyHats: I can tell
(02:36 / Allies) JimmyHats: you couldn't if you wanted to
(02:40 / Allies) AYY: wow
(02:47 / Allies) JimmyHats: you are awful, I could defend it np
(02:48 / Allies) UNDEADORCKILLER: ayy build something lol
(02:49 / Allies) AYY: no not even
(03:11 / All) Earl-Sweatshirt: ok
(03:35 / All) Earl-Sweatshirt: IM PRO
(03:36 / Allies) UNDEADORCKILLER: pink wanna help me clear?
(03:39 / All) Earl-Sweatshirt: so fuck you guys
(03:42 / Allies) JimmyHats: no fuck you
(03:43 / All) Earl-Sweatshirt: dont expect easy win or win at all
(03:45 / All) UNDEADORCKILLER: teal whats your name in rl?
(03:49 / All) hawking-sucks: shut up teal we'll kill you!
(03:54 / All) Earl-Sweatshirt: WHY
(04:00 / All) UNDEADORCKILLER: i might kno you.
(04:09 / All) Earl-Sweatshirt: who are you
(04:12 / All) UNDEADORCKILLER: tyler.
(04:16 / All) Earl-Sweatshirt: tyler who
(04:19 / All) UNDEADORCKILLER: jones
(04:24 / All) Earl-Sweatshirt: from?
(04:27 / All) UNDEADORCKILLER: baltimore
(04:29 / All) Earl-Sweatshirt: nop
(04:30 / All) UNDEADORCKILLER: maryland
(04:35 / All) UNDEADORCKILLER: dam nvm
(04:37 / All) JimmyHats: I am Jordan, from Chad
(04:38 / All) Earl-Sweatshirt: lo
(04:44 / Allies) hawking-sucks: wood plz
(05:43 / Allies) hawking-sucks: help me creep this shit niggas
(05:51 / Allies) UNDEADORCKILLER: tower that blue
(06:08 / Allies) UNDEADORCKILLER: coming blue
(06:46 / All) Earl-Sweatshirt: so
(06:48 / All) Earl-Sweatshirt: no rush lmao
(06:52 / All) Earl-Sweatshirt: expectin that
(07:09 / All) Earl-Sweatshirt: dont know how prob noob
(07:20 / All) Earl-Sweatshirt: YALL ARE FUCKED
(07:21 / All) Earl-Sweatshirt: lol
(07:23 / All) Earl-Sweatshirt: seriously
(07:26 / All) Earl-Sweatshirt: not attacking
(07:27 / Allies) AYY: can we creep this so i can grab a mine?
(07:27 / All) Earl-Sweatshirt: cause
(07:33 / All) Earl-Sweatshirt: i have mains all over left half of map lol
(07:34 / Allies) JimmyHats: do that first
(08:08 / Allies) hawking-sucks: wood?
(08:45 / Allies) UNDEADORCKILLER: yellow more
(08:48 / All) Earl-Sweatshirt: ummm
(08:51 / Allies) AYY: ?
(08:53 / Allies) UNDEADORCKILLER: ty
(09:12 / Allies) UNDEADORCKILLER: blue tower that
(09:16 / Allies) hawking-sucks: k
(09:18 / Allies) hawking-sucks: wood so i can tower
(09:52 / Allies) UNDEADORCKILLER: hit?
(09:57 / Allies) hawking-sucks: no
(09:58 / Allies) hawking-sucks: cc more
(09:59 / Allies) hawking-sucks: get lvl 5
(10:03 / Allies) UNDEADORCKILLER: kk
(10:48 / Allies) hawking-sucks: me and pink got aa u 2 get melee or casters
(10:52 / Allies) UNDEADORCKILLER: kk
(10:54 / Allies) UNDEADORCKILLER: im bears
(10:55 / Allies) AYY: uhhhh
(10:58 / Allies) JimmyHats: k good
(11:01 / Allies) AYY: i have copters
(11:02 / Allies) JimmyHats: i got aa
(11:08 / Allies) JimmyHats: kill them then amke something else
(11:19 / Allies) AYY: i said I was getting copters at the beginning
(11:25 / Allies) hawking-sucks: he has bats yellow ur copters are gonna get raped by one bat
(11:25 / Allies) JimmyHats: no you didn't
(11:27 / Allies) JimmyHats: check chat log
(11:55 / Allies) AYY: yeah go about a sixth down in the chat log
(12:01 / Allies) AYY: when I said I'm getting copters
(12:14 / All) Earl-Sweatshirt: im gonna win
(12:53 / Allies) UNDEADORCKILLER: wood please?
(13:15 / All) Earl-Sweatshirt: i win pussies
(13:18 / All) UNDEADORCKILLER: lol
(13:22 / All) Earl-Sweatshirt: swear
(13:23 / All) hawking-sucks: shut up teal we'll own u!
(13:25 / All) UNDEADORCKILLER: if you do ill quit warcraft
(13:28 / All) Earl-Sweatshirt: LOL OKAY BLUE
(13:32 / All) Earl-Sweatshirt: yeah right green
(13:34 / All) Earl-Sweatshirt: cause
(13:39 / All) Earl-Sweatshirt: you nkow what
(13:43 / All) Earl-Sweatshirt: jsut get your trash can near by
(13:47 / All) Earl-Sweatshirt: get ready to trash this game

(14:54 / All) Earl-Sweatshirt: really tho
(14:56 / All) Earl-Sweatshirt: why no rush lol
(15:02 / All) UNDEADORCKILLER: having fun
(15:04 / All) Earl-Sweatshirt: noobs i can tell
(15:09 / All) Earl-Sweatshirt: im gonna win i got legit army
(15:31 / Allies) UNDEADORCKILLER: blue
(15:34 / Allies) UNDEADORCKILLER: tower that
(15:37 / Allies) JimmyHats: make tanks idiot not aa we got that
(15:50 / Allies) UNDEADORCKILLER: im going mass bears
(15:56 / Allies) UNDEADORCKILLER: or drys?
(15:58 / Allies) UNDEADORCKILLER: which one
(16:07 / Allies) hawking-sucks: make tanks
(16:08 / Allies) hawking-sucks: yellow
(16:09 / Allies) JimmyHats: make tanks instead plz
(16:29 / Allies) AYY: you coulda let me use them first
(16:36 / Allies) hawking-sucks: oh yea
(16:37 / Allies) AYY: :(
(16:41 / All) Earl-Sweatshirt: lol what
(17:07 / All) Earl-Sweatshirt: green
(17:09 / All) Earl-Sweatshirt: im coming
(17:12 / All) Earl-Sweatshirt: ready to quit
(17:15 / Allies) UNDEADORCKILLER: ol
(17:16 / Allies) UNDEADORCKILLER: come to me now
(17:38 / All) UNDEADORCKILLER: lol mass rifle?
(17:44 / Allies) JimmyHats: tanks not copters
(17:45 / All) UNDEADORCKILLER: this isnt RISK
(17:54 / All) Earl-Sweatshirt: laugh now
(17:56 / All) UNDEADORCKILLER: YELLOW GET TNAKS
(18:02 / All) JimmyHats: He is a noob just kill him
(18:03 / Allies) UNDEADORCKILLER: pink stop man
(18:05 / All) JimmyHats: use his base as an expo
(18:06 / Allies) AYY: I'll do it but let me have some copters
(18:07 / All) JimmyHats: he sucks
(18:08 / Allies) UNDEADORCKILLER: pink just let him go
(18:12 / Allies) AYY: ...
(18:35 / All) Earl-Sweatshirt: nahh
(18:39 / All) Earl-Sweatshirt: no point
(18:41 / All) Earl-Sweatshirt: just finish it
(18:42 / All) Earl-Sweatshirt: lol
(18:50 / Allies) UNDEADORCKILLER: lol pink
(18:55 / Allies) AYY: you really think it's more useful to kill off me base eh
(19:04 / Allies) JimmyHats: gj using your expo
(19:07 / Allies) UNDEADORCKILLER: wood please?
(19:09 / Allies) JimmyHats: i can take it and use it better
(19:19 / Allies) UNDEADORCKILLER: wtf blue>
(19:26 / All) hawking-sucks: sorry green
(19:28 / All) hawking-sucks: mis click
(19:30 / All) hawking-sucks: oops
(19:36 / Allies) JimmyHats: noob
(19:39 / Allies) JimmyHats: learn to build halls
(19:42 / Allies) UNDEADORCKILLER: do you wnana loose?
(19:49 / Allies) AYY: ...
(20:08 / Allies) JimmyHats: you suck yellow plz leave
(20:18 / Allies) UNDEADORCKILLER: why did you do that blue?
(20:23 / All) hawking-sucks: i told u man
(20:25 / All) hawking-sucks: it was a misclick
(20:29 / Allies) UNDEADORCKILLER: bullshit..
(20:30 / All) Earl-Sweatshirt: I WIN
(20:41 / All) UNDEADORCKILLER: your going to win because everyone is tk
(20:52 / All) Earl-Sweatshirt: quit warcraft and shut the fuck up noob
(20:57 / All) hawking-sucks: god damn pink what is his problem
(20:59 / All) hawking-sucks: i mis clicked
(21:00 / All) hawking-sucks: he didnt
(21:19 / All) JimmyHats: quit warcraft forever green, you lose
(21:29 / All) AYY: it'd be funny if this is one of those preplanned tks
(21:32 / All) Earl-Sweatshirt: QUIT WARCRAFT
(21:34 / All) JimmyHats: It was
(21:42 / All) AYY: yeah I figured at some point
(21:48 / All) JimmyHats: We are uploading it to highper.ch so everyone can see green's final game before he quits
(22:02 / All) Earl-Sweatshirt: DIE GREEN
(22:04 / All) Earl-Sweatshirt: FEAR ME
(22:10 / All) JimmyHats: We upload all the time there
(22:10 / All) hawking-sucks: 3 taislmans of evasion
(22:19 / All) UNDEADORCKILLER: I'm not going to quit, because you guys planned this.
(22:23 / All) Earl-Sweatshirt: Lol
(22:24 / All) Earl-Sweatshirt: noob
(22:30 / All) JimmyHats: You're pussing out
(22:35 / All) JimmyHats: Be a man of your word
(22:45 / All) Earl-Sweatshirt: ROAR
(22:46 / All) AYY: you'd rather sit in the game and waste your time green?
(22:47 / All) Earl-Sweatshirt: FEAR MY ARMY
(22:52 / All) AYY: cheers guys
(23:01 / All) JimmyHats: Do you know of us from highper.ch yellow?
(23:22 / All) hawking-sucks: green wtf man
(23:24 / All) hawking-sucks: u attacked me
(23:32 / All) UNDEADORCKILLER: your stupid.
(23:35 / All) JimmyHats: GREEN IS A BSING NOOOOOB
(23:41 / All) JimmyHats: GREEN IS A BACKSTABBER OMG
(23:49 / All) Earl-Sweatshirt: whos otp right
(23:53 / All) Earl-Sweatshirt: can i kill top right?
(23:54 / All) JimmyHats: green but he's dead
(23:57 / All) JimmyHats: I killed him
(24:00 / All) hawking-sucks: nobody is top right lawl
(24:00 / All) Earl-Sweatshirt: o
(24:02 / All) Earl-Sweatshirt: where then lol
(24:03 / All) JimmyHats: yellow is basically dead too
(24:06 / All) JimmyHats: yeah
(24:12 / All) Earl-Sweatshirt: nonne of my bases our touched
(24:15 / All) Earl-Sweatshirt: i solo u noob really?
(24:24 / All) hawking-sucks: teal raped u 1v4, green
(24:27 / All) hawking-sucks: what is your response
(24:28 / All) Earl-Sweatshirt: i know!
(24:40 / All) UNDEADORCKILLER: You TK'd and your all shit.
(24:45 / All) Earl-Sweatshirt: GREEN NOOB
(24:53 / All) Earl-Sweatshirt: DIE
(24:58 / All) JimmyHats: He beat you 1v4 green
(25:00 / All) Earl-Sweatshirt: green quits lmao
(25:03 / All) JimmyHats: There is no need to be upset
(25:05 / All) Earl-Sweatshirt: GREEN I WIN NOOB
(25:11 / All) Earl-Sweatshirt: lmao
(25:12 / All) Earl-Sweatshirt: quit dude
(25:15 / All) Earl-Sweatshirt: throw it away
(25:30 / All) UNDEADORCKILLER: I'm okay, ill just sit here and watch you faggots.
(25:38 / All) Earl-Sweatshirt: ok
(25:58 / All) hawking-sucks: yes because me and pink really care about our 0-0 accounts
(25:59 / All) Earl-Sweatshirt: my army rapes
(26:00 / All) Earl-Sweatshirt: Lo
(26:11 / All) hawking-sucks: i really hope we face that nigga exitmusic
(26:26 / All) JimmyHats: He was ultra mad
(26:55 / All) Earl-Sweatshirt: k
(26:58 / All) Earl-Sweatshirt: where are they
(27:02 / All) hawking-sucks: who
(27:06 / All) Earl-Sweatshirt: any bases
(27:14 / All) hawking-sucks: just my 3 expos which will die now
(27:40 / All) hawking-sucks: finish off pinks main
(28:02 / All) JimmyHats: Hawking radiation is sound. Black holes have a finite, non-zero temperature and entropy
(28:15 / All) Earl-Sweatshirt: DIE
(28:24 / All) Earl-Sweatshirt: lol
(28:42 / All) Earl-Sweatshirt: U DICK
(29:26 / All) Earl-Sweatshirt: where are they lol
(29:34 / All) hawking-sucks: are you a religious man teal
(29:45 / All) hawking-sucks: how do you think the universe was first created
(29:53 / All) Earl-Sweatshirt: GODDDD
(30:07 / All) Earl-Sweatshirt: cause like
(30:09 / All) Earl-Sweatshirt: what else
(30:28 / All) hawking-sucks: raped rod
(30:36 / All) JimmyHats: You were "raped" by a rifleman
(30:42 / All) hawking-sucks: "
(30:53 / All) hawking-sucks: pink loves stephen hawking
(30:58 / All) Earl-Sweatshirt: lol
(30:59 / All) JimmyHats: Not really
(31:06 / All) JimmyHats: He's an asshole
(31:11 / All) JimmyHats: His math is good though